| TOP OF THE 1ST |
|
Niagara Falls Phantoms batting - Pitching for Winnipeg Goldeyes : RHP Jose Zavala
|
|
Pitching: RHP Jose Zavala
|
|
|
Batting: RHB Alfredo Mendez
|
0-0: Ball 1-0: Called Strike 1-1: Ball 2-1: Swinging Strike 2-2: Foul Ball, location: 2F 2-2: Strikes out swinging
|
|
Batting: SHB Bruce Shelton
|
0-0: Ball 1-0: DOUBLE (Line Drive, 89D, EV 101.2 MPH)
|
|
Batting: RHB Jonathan Feldstein
|
0-0: Called Strike 0-1: Ground out 5-3 (Groundball, 56S, EV 84.4 MPH)
|
|
Batting: RHB Scott Cuff
|
0-0: Called Strike 0-1: SINGLE (Line Drive, 78S, EV 93.1 MPH) Bruce Shelton to third Runner from 3rd tries for Home, SAFE, throw by CF to home
|
|
Batting: RHB Bailey Hays
|
0-0: Ball 1-0: Called Strike 1-1: Called Strike 1-2: Foul Ball, location: 2F 1-2: Strikes out swinging
|
| Top of the 1st over - 1 run, 2 hits, 0 errors, 1 left on base; Niagara Falls 1 - Winnipeg 0 |
| BOTTOM OF THE 1ST |
|
Winnipeg Goldeyes batting - Pitching for Niagara Falls Phantoms : LHP Allen Reisinger
|
|
Pitching: LHP Allen Reisinger
|
|
|
Batting: RHB Mike Berzins
|
0-0: Ball 1-0: Fly out, F9 (Flyball, 9S, EV 83.1 MPH)
|
|
Batting: RHB Settan Nakamura
|
0-0: Ball 1-0: Ball 2-0: Ball 3-0: Called Strike 3-1: Swinging Strike 3-2: Foul Ball, location: 2F 3-2: Fly out, F8 (Flyball, 78M, EV 88.1 MPH)
|
|
Batting: SHB Victor Turrubiate
|
0-0: Reached on error, E4 (Groundball, 4S, EV 91.9 MPH)
|
|
Batting: RHB Terry Oetker
|
0-0: SINGLE (Groundball, 4MD, EV 99.4 MPH) Victor Turrubiate to second
|
|
Batting: RHB Itocravo Arrochela
|
0-0: Called Strike 0-1: Ball 1-1: SINGLE (Line Drive, 89M, EV 91.2 MPH) Victor Turrubiate to third Terry Oetker to second Runner from 3rd tries for Home, throw by RF and OUT! 9-2
|
| Bottom of the 1st over - 0 runs, 2 hits, 1 error, 2 left on base; Niagara Falls 1 - Winnipeg 0 |
| TOP OF THE 2ND |
|
Niagara Falls Phantoms batting - Pitching for Winnipeg Goldeyes : RHP Jose Zavala
|
|
Batting: RHB Jim O'Dwyer
|
0-0: Called Strike 0-1: Called Strike 0-2: Fly out, F6 (Popup, 6MS, EV 60.0 MPH)
|
|
Batting: LHB Victor Reyna
|
0-0: Called Strike 0-1: Ball 1-1: Ball 2-1: Foul Ball, location: 2F 2-2: Ball 3-2: Foul Ball, location: 2F 3-2: Strikes out looking
|
|
Batting: LHB Dave Ortiz
|
0-0: Ball 1-0: Ball 2-0: Called Strike 2-1: Ground out 6-3 (Groundball, 6M, EV 81.2 MPH)
|
| Top of the 2nd over - 0 runs, 0 hits, 0 errors, 0 left on base; Niagara Falls 1 - Winnipeg 0 |
| BOTTOM OF THE 2ND |
|
Winnipeg Goldeyes batting - Pitching for Niagara Falls Phantoms : LHP Allen Reisinger
|
|
Batting: RHB Ned Scovell
|
0-0: Ball 1-0: Ball 2-0: Ball 3-0: Called Strike 3-1: Ground out 6-3 (Groundball, 6, EV 106.9 MPH)
|
|
Batting: RHB Calvin Day
|
0-0: Ball 1-0: Fly out, F8 (Flyball, 8LD, EV 81.9 MPH)
|
|
Batting: SHB Tim Lloyd
|
0-0: Called Strike 0-1: Foul Ball, location: 2F 0-2: Strikes out swinging, 2-3 out at first.
|
| Bottom of the 2nd over - 0 runs, 0 hits, 0 errors, 0 left on base; Niagara Falls 1 - Winnipeg 0 |
| TOP OF THE 3RD |
|
Niagara Falls Phantoms batting - Pitching for Winnipeg Goldeyes : RHP Jose Zavala
|
|
Batting: RHB Juan Perez
|
0-0: Ball 1-0: Called Strike 1-1: Ball 2-1: Called Strike 2-2: Ground out 4-3 (Groundball, 4, EV 82.5 MPH)
|
|
Batting: RHB Alfredo Mendez
|
0-0: Ball 1-0: Ground out 6-3 (Groundball, 6, EV 77.5 MPH)
|
|
Batting: SHB Bruce Shelton
|
0-0: Called Strike 0-1: SINGLE (Line Drive, 3D, EV 100.0 MPH)
|
|
Batting: RHB Jonathan Feldstein
|
0-0: Ball 1-0: Called Strike 1-1: DOUBLE (Line Drive, 9LM, EV 105.0 MPH) Bruce Shelton to third
|
|
Batting: RHB Scott Cuff
|
0-0: Called Strike 0-1: Fly out, F7 (Line Drive, 7, EV 91.2 MPH)
|
| Top of the 3rd over - 0 runs, 2 hits, 0 errors, 2 left on base; Niagara Falls 1 - Winnipeg 0 |
| BOTTOM OF THE 3RD |
|
Winnipeg Goldeyes batting - Pitching for Niagara Falls Phantoms : LHP Allen Reisinger
|
|
Batting: RHB Justin Palko
|
0-0: Ball 1-0: SINGLE (Groundball, 56D, EV 106.2 MPH)
|
|
Batting: RHB Mike Berzins
|
0-0: SINGLE (Line Drive, 7LS, EV 101.9 MPH) Justin Palko to second
|
|
Batting: RHB Settan Nakamura
|
0-0: Called Strike 0-1: Ball 1-1: Ball 2-1: Fielders Choice at 2nd, 5-4 (Groundball, 56, EV 83.8 MPH) Justin Palko to third
|
|
Batting: SHB Victor Turrubiate
|
0-0: Called Strike 0-1: Called Strike 0-2: Foul Ball, location: 2F 0-2: Strikes out swinging
|
|
Batting: RHB Terry Oetker
|
0-0: Foul Ball, location: 2F 0-1: Foul Ball, location: 2F 0-2: Ball 1-2: Ball 2-2: 3-RUN HOME RUN (Line Drive, 9LD, EV 95.6 MPH), Distance : 361 ft
|
|
Batting: RHB Itocravo Arrochela
|
0-0: Called Strike 0-1: Swinging Strike 0-2: Ball 1-2: Foul Ball, location: 2F 1-2: Ball 2-2: Ground out 6-3 (Groundball, 6, EV 102.5 MPH)
|
| Bottom of the 3rd over - 3 runs, 3 hits, 0 errors, 0 left on base; Niagara Falls 1 - Winnipeg 3 |
| TOP OF THE 4TH |
|
Niagara Falls Phantoms batting - Pitching for Winnipeg Goldeyes : RHP Jose Zavala
|
|
Batting: RHB Bailey Hays
|
0-0: Ball 1-0: Fly out, F8 (Line Drive, 8RM, EV 96.9 MPH)
|
|
Batting: RHB Jim O'Dwyer
|
0-0: Single, Error in OF, E7, batter to second base (Line Drive, 7LS, EV 91.2 MPH)
|
|
Batting: LHB Victor Reyna
|
0-0: Ball 1-0: Ball 2-0: Foul Ball, location: 2F 2-1: Ground out 5-3 (Groundball, 5, EV 108.8 MPH)
|
|
Batting: LHB Dave Ortiz
|
0-0: Ball 1-0: Ball 2-0: Called Strike 2-1: Foul Ball, location: 2F 2-2: Ball 3-2: Fly out, F6 (Popup, 6D, EV 47.5 MPH)
|
| Top of the 4th over - 0 runs, 1 hit, 1 error, 1 left on base; Niagara Falls 1 - Winnipeg 3 |
| BOTTOM OF THE 4TH |
|
Winnipeg Goldeyes batting - Pitching for Niagara Falls Phantoms : LHP Allen Reisinger
|
|
Batting: RHB Ned Scovell
|
0-0: Ball 1-0: Ball 2-0: Ball 3-0: Base on Balls
|
|
Batting: RHB Calvin Day
|
0-0: Grounds into double play, 5-4-3 (Groundball, 56, EV 103.8 MPH)
|
|
Batting: SHB Tim Lloyd
|
0-0: Ball 1-0: Ball 2-0: Ball 3-0: Called Strike 3-1: Foul Ball, location: 2F 3-2: Ground out 6-3 (Groundball, 6S, EV 83.8 MPH)
|
| Bottom of the 4th over - 0 runs, 0 hits, 0 errors, 0 left on base; Niagara Falls 1 - Winnipeg 3 |
| TOP OF THE 5TH |
|
Niagara Falls Phantoms batting - Pitching for Winnipeg Goldeyes : RHP Jose Zavala
|
|
Batting: RHB Juan Perez
|
0-0: Fly out, F7 (Flyball, 78S, EV 86.9 MPH)
|
|
Batting: RHB Alfredo Mendez
|
0-0: Ball 1-0: Ball 2-0: Ball 3-0: Base on Balls
|
|
Batting: SHB Bruce Shelton
|
0-0: Ball 1-0: Called Strike 1-1: Foul Ball, location: 2F 1-2: Strikes out swinging
|
|
Batting: RHB Jonathan Feldstein
|
0-0: Called Strike 0-1: Ball 1-1: Foul Ball, location: 2F 1-2: Strikes out swinging
|
| Top of the 5th over - 0 runs, 0 hits, 0 errors, 1 left on base; Niagara Falls 1 - Winnipeg 3 |
| BOTTOM OF THE 5TH |
|
Winnipeg Goldeyes batting - Pitching for Niagara Falls Phantoms : LHP Allen Reisinger
|
|
Batting: RHB Justin Palko
|
0-0: Called Strike 0-1: Ball 1-1: SINGLE (Line Drive, 5D, EV 106.2 MPH)
|
|
Batting: RHB Mike Berzins
|
0-0: Ball 1-0: Ball 2-0: Ball 3-0: Called Strike 3-1: Base on Balls Justin Palko to second
|
|
Batting: RHB Settan Nakamura
|
0-0: Ball 1-0: Ball 2-0: Called Strike 2-1: Called Strike 2-2: Ball 3-2: Strikes out swinging
|
|
Batting: SHB Victor Turrubiate
|
0-0: Ball 1-0: Fly out, F8 (Flyball, 89D, EV 90.0 MPH)
|
|
Batting: RHB Terry Oetker
|
0-0: Called Strike 0-1: Fly out, F9 (Flyball, 9, EV 86.2 MPH)
|
| Bottom of the 5th over - 0 runs, 1 hit, 0 errors, 2 left on base; Niagara Falls 1 - Winnipeg 3 |
| TOP OF THE 6TH |
|
Niagara Falls Phantoms batting - Pitching for Winnipeg Goldeyes : RHP Jose Zavala
|
|
Batting: RHB Scott Cuff
|
0-0: Foul Ball, location: 2F 0-1: Ball 1-1: Ball 2-1: Ground out 5-3 (Groundball, 56, EV 79.4 MPH)
|
|
Batting: RHB Bailey Hays
|
0-0: Ball 1-0: Ball 2-0: Ball 3-0: Called Strike 3-1: Base on Balls
|
|
Batting: RHB Jim O'Dwyer
|
0-0: Called Strike 0-1: Ground out 4-3 (Groundball, 34, EV 98.1 MPH) Bailey Hays to second
|
|
Batting: LHB Victor Reyna
|
0-0: Called Strike 0-1: Foul Ball, location: 2F 0-2: Ball 1-2: Ball 2-2: Ball 3-2: Fly out, F4 (Popup, 34S, EV 77.5 MPH)
|
| Top of the 6th over - 0 runs, 0 hits, 0 errors, 1 left on base; Niagara Falls 1 - Winnipeg 3 |
| BOTTOM OF THE 6TH |
|
Winnipeg Goldeyes batting - Pitching for Niagara Falls Phantoms : LHP Allen Reisinger
|
|
Batting: RHB Itocravo Arrochela
|
0-0: SINGLE (Line Drive, 4D, EV 97.5 MPH)
|
|
Batting: RHB Ned Scovell
|
0-0: Reached on error, E6 (Groundball, 6, EV 86.2 MPH) Itocravo Arrochela to second
|
|
Batting: RHB Calvin Day
|
0-0: Called Strike 0-1: Ball 1-1: Ball 2-1: 3-RUN HOME RUN (Flyball, 7D, EV 100.0 MPH), Distance : 394 ft
|
|
Batting: SHB Tim Lloyd
|
0-0: Called Strike 0-1: Foul Ball, location: 2F 0-2: Strikes out swinging
|
|
Batting: RHB Justin Palko
|
0-0: Called Strike 0-1: Ball 1-1: Swinging Strike 1-2: Ball 2-2: Strikes out swinging
|
|
Batting: RHB Mike Berzins
|
0-0: Foul Ball, location: 2F 0-1: Ball 1-1: Swinging Strike 1-2: Strikes out swinging
|
| Bottom of the 6th over - 3 runs, 2 hits, 1 error, 0 left on base; Niagara Falls 1 - Winnipeg 6 |
| TOP OF THE 7TH |
|
Niagara Falls Phantoms batting - Pitching for Winnipeg Goldeyes : RHP Jose Zavala
|
|
Batting: LHB Dave Ortiz
|
0-0: Called Strike 0-1: Swinging Strike 0-2: Ball 1-2: Strikes out swinging
|
|
Pinch Hitting: RHB Jose Villanueva
|
0-0: Ball 1-0: Foul Ball, location: 2F 1-1: Foul Ball, location: 2F 1-2: Fly out, F7 (Flyball, 7, EV 87.5 MPH)
|
|
Batting: RHB Alfredo Mendez
|
0-0: TRIPLE (Line Drive, 78XD, EV 107.5 MPH)
|
|
Batting: SHB Bruce Shelton
|
0-0: Ball 1-0: Called Strike 1-1: Ground out 4-3 (Groundball, 4, EV 100.0 MPH)
|
| Top of the 7th over - 0 runs, 1 hit, 0 errors, 1 left on base; Niagara Falls 1 - Winnipeg 6 |
| BOTTOM OF THE 7TH |
|
Winnipeg Goldeyes batting - Pitching for Niagara Falls Phantoms : LHP Allen Reisinger
|
|
Pitching: LHP Daniel Fagan
|
|
|
Now at SS: Brian Biordi
|
|
|
Batting: RHB Settan Nakamura
|
0-0: Called Strike 0-1: Ball 1-1: DOUBLE (Flyball, 78D, EV 98.1 MPH)
|
|
Batting: SHB Victor Turrubiate
|
0-0: Ball 1-0: Fly out, F8 (Line Drive, 8LM, EV 94.4 MPH)
|
|
Batting: RHB Terry Oetker
|
0-0: Swinging Strike 0-1: Foul Ball, location: 2F 0-2: Foul Ball, location: 2F 0-2: Foul Ball, location: 2F 0-2: Ball 1-2: Ball 2-2: Ball 3-2: SINGLE (Groundball, 4MD, EV 96.9 MPH) Settan Nakamura to third Runner from 3rd tries for Home, throw by CF and OUT! 8-2
|
|
Batting: RHB Itocravo Arrochela
|
0-0: Ball 1-0: Called Strike 1-1: Ground out 4-3 (Groundball, 4, EV 103.8 MPH)
|
| Bottom of the 7th over - 0 runs, 2 hits, 0 errors, 1 left on base; Niagara Falls 1 - Winnipeg 6 |
| TOP OF THE 8TH |
|
Niagara Falls Phantoms batting - Pitching for Winnipeg Goldeyes : RHP Jose Zavala
|
|
Pitching: RHP Ryan Kraemer
|
|
|
Pinch Hitting: LHB Luis Ponce
|
0-0: Foul Ball, location: 2F 0-1: Foul Ball, location: 2F 0-2: Ground out 6-3 (Groundball, 6, EV 78.1 MPH)
|
|
Batting: RHB Scott Cuff
|
0-0: Called Strike 0-1: Ball 1-1: Called Strike 1-2: Strikes out swinging
|
|
Pinch Hitting: RHB Todd Wolters
|
0-0: Called Strike 0-1: Ball 1-1: Fly out, F8 (Flyball, 78M, EV 93.8 MPH)
|
| Top of the 8th over - 0 runs, 0 hits, 0 errors, 0 left on base; Niagara Falls 1 - Winnipeg 6 |
| BOTTOM OF THE 8TH |
|
Winnipeg Goldeyes batting - Pitching for Niagara Falls Phantoms : LHP Daniel Fagan
|
|
Now at 3B: Todd Wolters
|
|
|
Now in LF: Luis Ponce
|
|
|
Batting: RHB Ned Scovell
|
0-0: Called Strike 0-1: Ball 1-1: Ball 2-1: Ball 3-1: Foul Ball, location: 2F 3-2: Foul Ball, location: 2F 3-2: Base on Balls
|
|
Batting: RHB Calvin Day
|
0-0: Ball 1-0: Fly out, F7 (Flyball, 7, EV 85.6 MPH)
|
|
Batting: SHB Tim Lloyd
|
0-0: Called Strike 0-1: Ball 1-1: Ball 2-1: Called Strike 2-2: Foul Ball, location: 2F 2-2: Strikes out swinging
|
|
Batting: RHB Justin Palko
|
0-0: Called Strike 0-1: Ball 1-1: Called Strike 1-2: Foul Ball, location: 2F 1-2: Strikes out swinging
|
| Bottom of the 8th over - 0 runs, 0 hits, 0 errors, 1 left on base; Niagara Falls 1 - Winnipeg 6 |
| TOP OF THE 9TH |
|
Niagara Falls Phantoms batting - Pitching for Winnipeg Goldeyes : RHP Ryan Kraemer
|
|
Batting: RHB Jim O'Dwyer
|
0-0: Foul Ball, location: 2F 0-1: Swinging Strike 0-2: Ground out 6-3 (Groundball, 6, EV 78.1 MPH)
|
|
Batting: LHB Victor Reyna
|
0-0: Ball 1-0: Ball 2-0: Foul Ball, location: 2F 2-1: Ball 3-1: Foul Ball, location: 2F 3-2: Foul Ball, location: 2F 3-2: Fly out, F4 (Popup, 4MS, EV 62.5 MPH)
|
|
Batting: LHB Dave Ortiz
|
0-0: Ball 1-0: Ball 2-0: Ball 3-0: Swinging Strike 3-1: Fly out, F8 (Flyball, 8LM, EV 91.2 MPH)
|
| Top of the 9th over - 0 runs, 0 hits, 0 errors, 0 left on base; Niagara Falls 1 - Winnipeg 6 |
|